 Dungeon Crawl Stone Soup version 0.29-a0-317-gd16b76e6b1 (webtiles) character file.

Game seed: 11671824737347387275

855 kae the Firebug (level 8, -1/45 HPs)
             Began as a Tengu Fire Elementalist on Mar 31, 2022.
             Slain by Duvessa
             ... wielding a +0 short sword
              (12 damage)
             ... on level 5 of the Dungeon.
             The game lasted 00:03:21 (6614 turns).

kae the Firebug (Tengu Fire Elementalist)           Turns: 6614, Time: 00:03:22

Health: -1/45      AC:  2    Str:  8    XL:     8   Next: 1%
Magic:  6/14       EV: 16    Int: 18    God:
Gold:   154        SH:  0    Dex: 15    Spells: 8/14 levels left

rFire   . . .      SeeInvis .   r - +0 trident (flame)
rCold   . . .      Faith    .   (no shield)
rNeg    . . .      Spirit   .   a - +0 robe
rPois   .          Reflect  .   (helmet restricted)
rElec   .          Harm     .   (no cloak)
rCorr   .          Rampage  .   (no gloves)
Will    .....                   (boots unavailable)
Stlth   ++........              h - amulet of the acrobat
HPRegen 0.15/turn               (no ring)
MPRegen 0.14/turn               (no ring)

@: flying quickly and evasively, quick
A: beak, talons 3, nimble flight
a: no special abilities


You were on level 5 of the Dungeon.
You visited 1 branch of the dungeon, and saw 5 of its levels.

You collected 268 gold pieces.
You spent 114 gold pieces at shops.

Inventory:

Hand Weapons
 e - a +1 long sword
 r - a +0 trident of flaming (weapon)
Armour
 a - a +0 robe (worn)
Jewellery
 g - an amulet of faith
 h - an amulet of the acrobat (around neck)
 t - a ring of willpower
Wands
 j - a wand of paralysis (11)
 k - a wand of digging (3)
Scrolls
 i - 3 scrolls of identify
 n - a scroll of amnesia
 s - a scroll of enchant armour {unknown}
Potions
 b - 3 potions of magic
 c - a potion of resistance
 f - 4 potions of heal wounds {unknown}
 l - 2 potions of cancellation {unknown}
 m - 2 potions of lignification {unknown}
 o - 2 potions of haste {unknown}
 p - 3 potions of might {unknown}


   Skills:
 + Level 2.9 Fighting
 + Level 3.3 Armour
 + Level 4.1 Dodging
 - Level 2.0 Stealth
 + Level 3.5 Spellcasting
 + Level 4.3 Conjurations
 * Level 6.1 Fire Magic


You had 8 spell levels left.
You knew the following spells:

 Your Spells              Type           Power      Damage    Failure   Level
a - Foxfire               Conj/Fire      88%        2x1d8     1%          1
b - Scorch                Fire           50%        2d7       1%          2
c - Conjure Flame         Conj/Fire      22%        6-21      5%          3

Your spell library contained the following spells:

 Spells                   Type           Power      Damage    Failure   Level
 Static Discharge         Conj/Air       11%        N/A       10%         2
 Inner Flame              Hex/Fire       14%        N/A       13%         3
 Summon Small Mammal      Summ           12%        N/A       16%         1
 Flame Wave               Conj/Fire      22%        2d7       19%         4
 Sticky Flame             Conj/Fire      22%        2d4       19%         4
 Call Canine Familiar     Summ           3%         N/A       43%         3
 Gell's Gravitas          Tloc           3%         N/A       43%         3
 Lesser Beckoning         Tloc           3%         N/A       43%         3
 Summon Guardian Golem    Hex/Summ       3%         N/A       43%         3
 Teleport Other           Tloc           3%         N/A       43%         3
 Dispel Undead            Necr           3%         3d7       83%         4


Dungeon Overview and Level Annotations

Branches:
Dungeon (5/15)
 Temple: D:4-7

Altars:
Dithmenos
Elyvilon
Kikubaaqudgha
Nemelex Xobeh

Shops:
D:3 *

Annotations:
D:5 Duvessa


Innate Abilities, Weirdness & Mutations

You have a beak for a mouth.
You have claws for feet.
Your magical nature lets you fly swiftly and evasively.


Message History

Duvessa's fire resistance burns away.
Duvessa hits you with a +0 short sword. Duvessa hits you with a +0 short sword!
Duvessa misses you.
Casting: Scorch (safe; 1% risk of failure)
Confirm with . or Enter, or press ? or * to list all spells.
Flames lash Duvessa.
Duvessa is burned terribly!
Duvessa is moderately wounded.
Duvessa hits you with a +0 short sword!
* * * LOW HITPOINT WARNING * * *
Duvessa hits you with a +0 short sword.
* * * LOW HITPOINT WARNING * * *
Duvessa completely misses you.
Okay, then.
You feel better. Duvessa barely misses you. Duvessa misses you.
You feel better. Duvessa misses you.
You feel better. Duvessa misses you. x2
Casting: Scorch (safe; 1% risk of failure)
Confirm with . or Enter, or press ? or * to list all spells.
Flames lash Duvessa.
Duvessa is burned terribly!
Duvessa is moderately wounded.
Duvessa hits you with a +0 short sword! Duvessa completely misses you.
Duvessa misses you.
You feel better. Duvessa hits you with a +0 short sword!
You feel better. Duvessa barely misses you. Duvessa completely misses you.
As you read the scroll labelled ILUOMU TAONATU, it crumbles to dust.
It is a scroll of brand weapon.
Your +0 trident of protection is engulfed in flames!
r - a +0 trident of flaming (weapon)
Duvessa hits you with a +0 short sword!
You hit Duvessa but do no damage.
Duvessa is moderately wounded.
Duvessa hits you with a +0 short sword.
* * * LOW HITPOINT WARNING * * *
Duvessa completely misses you.
Casting: Scorch (safe; 1% risk of failure)
Confirm with . or Enter, or press ? or * to list all spells.
Flames lash Duvessa.
Duvessa is burned terribly!
Duvessa is heavily wounded.
Duvessa hits you with a +0 short sword!
You die...

.........###.##...##
.........##....##..#
.......###.....#..##
........##.........# #
...................#.# #
.....##....####....#.#.#
.....#....### #........##
........#...###....##...#
....#..##...)...@.......#
.e..#..##....##.e.....##
...#.e......#####....##
......#.....# ##...######
......#....#####.........##
...........###.#..........#
..##....##..#.............##
........##.#...###.........#
####....#..>...##.........##


You could see Duvessa (berserk, combustible).

Vanquished Creatures
  2 necrophages
  2 scorpions (D:5)
  Dowan (D:5)
  A howler monkey (D:4)
  A centaur skeleton (D:4)
  A gnoll shaman (D:3)
  A hound (D:5)
  4 iguanas
  Terence (D:3)
  An orc priest (D:4)
  2 scorpion zombies (D:4)
  A hound zombie (D:4)
  2 howler monkey zombies (D:4)
  3 gnolls (D:4)
  6 adders
  A shadow imp (D:5)
  A white imp (D:5)
  An ufetubus (D:5)
  2 adder skeletons (D:4)
  A worm (D:2)
  A dart slug (D:2)
  8 orcs
  8 ball pythons
  5 endoplasms
  4 giant cockroaches
  7 hobgoblins
  2 jackals (D:4)
  10 kobolds
  2 quokkas (D:2)
  5 bats
  A frilled lizard (D:3)
  6 goblins
  A quokka zombie (D:4)
  3 rats
98 creatures vanquished.

Vanquished Creatures (others)
  305 foxfires
  4 withered plants (D:4)
309 creatures vanquished.

Grand Total: 407 creatures vanquished

Notes
Turn   | Place    | Note
-------+----------+-------------------------------------------
     0 | D:1      | kae the Tengu Fire Elementalist began the quest for the
                  | Orb.
     0 | D:1      | Reached XP level 1. HP: 10/10 MP: 4/4
   550 | D:1      | Reached XP level 2. HP: 10/16 MP: 0/6
   945 | D:2      | Reached XP level 3. HP: 20/20 MP: 3/7
   986 | D:2      | Reached skill level 1 in Armour
  1353 | D:2      | You fall into a shaft and drop 2 floors!
  1381 | D:4      | Reached skill level 4 in Fire Magic
  1381 | D:4      | Reached XP level 4. HP: 22/24 MP: 4/8
  1575 | D:4      | Reached skill level 1 in Fighting
  1946 | D:2      | Found a faded altar of an unknown god.
  2278 | D:3      | Noticed Terence
  2600 | D:3      | Found Qakuehou's Assorted Antiques.
  2656 | D:3      | Bought a coppery potion for 27 gold pieces
  2656 | D:3      | Bought a grey potion for 27 gold pieces
  2656 | D:3      | Bought a scroll labelled IRET LEETOV for 30 gold pieces
  2656 | D:3      | Bought a scroll labelled NESMUESEPY for 30 gold pieces
  2663 | D:3      | Learned a level 2 spell: Scorch
  2667 | D:3      | Learned a level 3 spell: Conjure Flame
  2885 | D:3      | Found a shadowy altar of Dithmenos.
  3212 | D:4      | Gained mutation: Your magical nature lets you fly swiftly
                  | and evasively. [Tengu growth]
  3212 | D:4      | Reached XP level 5. HP: 19/29 MP: 0/9
  3664 | D:4      | Reached XP level 6. HP: 34/34 MP: 8/11
  3851 | D:4      | Found a large runed translucent door.
  3851 | D:4      | Found a large runed translucent door.
  4158 | D:4      | Reached skill level 5 in Fire Magic
  4618 | D:4      | Reached XP level 7. HP: 27/40 MP: 6/12
  5347 | D:4      | Found a sparkling altar of Nemelex Xobeh.
  5350 | D:4      | Found a white marble altar of Elyvilon.
  5430 | D:3      | Killed Terence
  5583 | D:5      | Entered Level 5 of the Dungeon
  5593 | D:5      | Noticed Duvessa
  5593 | D:5      | Noticed Dowan
  6186 | D:5      | Reached skill level 6 in Fire Magic
  6439 | D:5      | Found an ancient bone altar of Kikubaaqudgha.
  6527 | D:5      | Killed Dowan
  6528 | D:5      | Reached XP level 8. HP: 45/45 MP: 10/14
  6614 | D:5      | Slain by Duvessa

Illustrated notes

Levels and vault maps discovered:
D:1:      scummos_arrival_simple_crosswalls, layout_rooms, corner_web_ring
D:2:      layout_basic, hellmonk_ecumenical_altar_heavens_door
D:3:      layout_rooms, nicolae_dithmenos_shadow_blocks, serial_shops,
          nicolae_shop_waterfront, uniq_terence
D:4:      layout_basic, jmf_multi_god_temple2, serial_undead, serial_undead_e,
          serial_undead_e, serial_undead_a, serial_undead_d,
          kennysheep_generic_room_12
D:5:      layout_cave_pools, kennysheep_mini_moat, uniq_duvessa

Skill      XL: |  1  2  3  4  5  6  7 |
---------------+----------------------+-----
Armour         | 1 2 3 |  3.3
Conjurations   | 2 3 4 |  4.3
Fire Magic     | 4 5 6 |  6.1
Fighting       | 1 2 |  2.9
Dodging        | 3 4 |  4.1
Spellcasting   | 3 |  3.5
Stealth        | |  2.0

Action                   |  1- 3 |  4- 6 |  7- 9 || total
-------------------------+-------+-------+-------++-------
Melee: Unarmed           |    10 |       |       ||    10
       Kick              |     4 |     8 |     3 ||    15
       Peck              |     2 |     7 |     1 ||    10
       Long sword        |     3 |    43 |     8 ||    54
       Punch             |       |     1 |       ||     1
       Trident           |       |       |     2 ||     2
 Cast: Foxfire           |    55 |   103 |    36 ||   194
       Scorch            |       |    10 |    27 ||    37
  Use: Scroll            |     1 |     8 |     1 ||    10
       Potion            |       |       |     5 ||     5
Armor: Robe              |     4 |     6 |       ||    10
Dodge: Dodged            |    26 |    68 |    62 ||   156

Table legend: (Time is in decaauts)
 A = Elapsed time spent in this place.
 B = Non-inter-level travel time spent in this place.
 C = Inter-level travel time spent in this place.
 D = Time resting spent in this place.
 E = Time spent auto-exploring this place.
 F = Levels seen in this place.
 G = Mean time per level.
                   A        B        C        D        E       F      G
               +--------+--------+--------+--------+--------+-----+--------+
         Total |   6519 |   6230 |    289 |    934 |   4411 |   5 | 1303.8 |
       Dungeon |   6519 |   6230 |    289 |    934 |   4411 |   5 | 1303.8 |
               +--------+--------+--------+--------+--------+-----+--------+

Top non-repeatable levels by time:
     D:4: 2267 daAuts
     D:3: 1749 daAuts
     D:2: 1056 daAuts
     D:1: 727 daAuts
     D:5: 718 daAuts
